 Dungeon Crawl Stone Soup version 0.30-a0-636-g200c5c4a83 (webtiles) character file.

Game seed: 14132754173763689283

528 CrazyBamboolord the Gusty (level 7, -8/36 HPs)
             Began as a Tengu Air Elementalist on Jan 15, 2023.
             Killed from afar by an orc wizard (9 damage)
             ... with a magic dart
             ... on level 4 of the Dungeon.
             The game lasted 00:08:52 (2863 turns).

CrazyBamboolord the Gusty (Tengu Air Elementalist)  Turns: 2863, Time: 00:08:52

Health: -8/36      AC:  4    Str:  8    XL:     7   Next: 23%
Magic:  1/15       EV: 15    Int: 17    God:
Gold:   34         SH:  0    Dex: 15    Spells: 12/15 levels left

rFire   . . .      SeeInvis .    d - +3 dagger (vamp)
rCold   . . .      Faith    .    (no shield)
rNeg    . . .      Spirit   .    a - +0 robe
rPois   .          Reflect  .    (helmet restricted)
rElec   .          Harm     .    (no cloak)
rCorr   .          Rampage  .    m - +1 pair of gloves
Will    .....                    (boots unavailable)
Stlth   ++                       (no amulet)
HPRegen 0.26/turn                (no ring)
MPRegen 0.14/turn                (no ring)

@: flying quickly and evasively, quick
A: beak, talons 3, nimble flight
a: no special abilities


You were on level 4 of the Dungeon.
You visited 1 branch of the dungeon, and saw 4 of its levels.

You collected 174 gold pieces.
You spent 140 gold pieces at shops.

Inventory:

Hand Weapons
 d - a +3 vampiric dagger (weapon)
Armour
 a - a +0 robe (worn)
 m - a +1 pair of gloves (worn)
Jewellery
 c - a ring of ice
 e - a ring of ice
 l - an amulet of guardian spirit
Scrolls
 h - a scroll of blinking
 i - 2 scrolls of amnesia
 n - a scroll of fear {unknown}
 o - a scroll of enchant armour {unknown}
 p - a scroll of magic mapping {unknown}
 q - a scroll of vulnerability {unknown}
 r - 2 scrolls of identify
 s - a scroll of enchant weapon {unknown}
Potions
 b - a potion of magic
 f - a potion of attraction {unknown}
 g - a potion of degeneration
 k - a potion of cancellation


   Skills:
 * Level 3.4 Dodging
 + Level 2.1 Stealth
 * Level 4.6 Spellcasting
 * Level 4.4 Conjurations
 * Level 6.4 Air Magic


You had 12 spell levels left.
You knew the following spells:

 Your Spells              Type           Power      Damage    Failure   Level
a - Shock                 Conj/Air       88%        1d8       1%          1
b - Static Discharge      Conj/Air       44%        2-4/arc   2%          2

Your spell library contained the following spells:

 Spells                   Type           Power      Damage    Failure   Level
 Swiftness                Air            26%        N/A       3%          3
 Momentum Strike          Conj/Tloc      22%        3d8       9%          2
 Airstrike                Air            13%        2d(2-18)  11%         4
 Freeze                   Ice            12%        1d3       14%         1
 Hailstorm                Conj/Ice       11%        3d5       19%         3
 Blink                    Tloc           6%         N/A       22%         2
 Frozen Ramparts          Ice            6%         1d1       41%         3
 Lesser Beckoning         Tloc           6%         N/A       41%         3


Dungeon Overview and Level Annotations

Branches:
Dungeon (4/15)
 Temple: D:4-7

Altars:
Makhleb
Trog

Shops:
D:3 *


Innate Abilities, Weirdness & Mutations

You have a beak for a mouth.
You have claws for feet.
Your magical nature lets you fly swiftly and evasively.


Message History

You hear some strange, mumbled words.
A magic dart appears from out of thin air!
The magic dart hits you.
Aiming: Shock (safe; 1% risk of failure)
Press: ? - help, Q - select action, (/) - cycle Shift-Dir - straight line The zap misses the orc priest.
The zap hits the orc priest.
The orc priest is severely wounded.
Aiming: Shock (safe; 1% risk of failure)
Press: ? - help, Q - select action, (/) - cycle Shift-Dir - straight line The zap hits the orc priest.
The orc priest is almost dead.
The zap hits the orc priest!
You kill the orc priest!
Something hits you. Something freezes you.
You start resting.
Something hits you. Something freezes you.
You start resting.
Something barely misses you.
Aiming: Shock (safe; 1% risk of failure)
Press: ? - help, Q - select action, (/) - cycle Shift-Dir - straight line That beam is likely to hit you.
Continue anyway?
The zap hits something.
The zap misses you. Something hits you.
* * * LOW HITPOINT WARNING * * *
Something freezes you.
* * * LOW HITPOINT WARNING * * *
Aiming: Shock (safe; 1% risk of failure)
Press: ? - help, Q - select action, (/) - cycle Shift-Dir - straight line That beam is likely to hit you.
Continue anyway? [Y]es or [N]o only, please.
That beam is likely to hit you.
Continue anyway?
The zap misses you. Something hits you but does no damage.
Aiming: Shock (safe; 1% risk of failure)
Press: ? - help, Q - select action, (/) - cycle Shift-Dir - straight line That beam is likely to hit you.
Continue anyway?
The zap hits something.
The zap hits you!
* * * LOW HITPOINT WARNING * * *
You hear some strange, mumbled words.
A magic dart appears from out of thin air!
The magic dart hits you!
You die...

#### .... ) ##
..... #. .. ###
..... #). #. #.#
...... #.... ..
#.###.###......
#....
#.#.#{@.........)
#....
#..)#)###.#.#+###
#.... #).# #<#
#######.... ####
#.# #.........
#.#####........
#..............
#.#####.##.####
#.# #....# #.#
#.##.####


There were no monsters in sight!

Vanquished Creatures
  Grinder (D:4)
  Eustachio (D:4)
  2 orc priests (D:4)
  An orc wizard (D:4)
  5 adders
  4 worms
  A dart slug (D:3)
  3 orcs (D:4)
  2 endoplasms
  2 giant cockroaches
  9 goblins
  4 hobgoblins
  A quokka (D:1)
  A ball python (D:3)
  5 bats
  A frilled lizard (D:2)
  5 kobolds
  5 rats
53 creatures vanquished.

Notes
Turn   | Place    | Note
-------+----------+-------------------------------------------
     0 | D:1      | CrazyBamboolord the Tengu Air Elementalist began the quest
                  | for the Orb.
     0 | D:1      | Reached XP level 1. HP: 10/10 MP: 4/4
   279 | D:1      | Reached XP level 2. HP: 15/15 MP: 0/6
  1061 | D:2      | Reached XP level 3. HP: 18/19 MP: 0/7
  1064 | D:2      | Learned a level 2 spell: Static Discharge
  1208 | D:2      | Found a burning altar of Makhleb.
  1626 | D:3      | Found Urixerut's Assorted Antiques.
  1657 | D:3      | Bought a scroll labelled YNOSIECLAER for 28 gold pieces
  1657 | D:3      | Bought a scroll labelled YNOSIECLAER for 28 gold pieces
  1657 | D:3      | Bought a scroll labelled GETURE SOGA for 28 gold pieces
  1657 | D:3      | Bought a scroll labelled UGHUUCHE OL DEKLOH for 28 gold
                  | pieces
  1657 | D:3      | Bought a scroll labelled INKOESAWYU for 28 gold pieces
  1724 | D:3      | Reached XP level 4. HP: 19/24 MP: 1/9
  1927 | D:3      | Reached skill level 5 in Air Magic
  2444 | D:4      | Found a bloodstained altar of Trog.
  2512 | D:4      | Noticed Grinder
  2524 | D:4      | Paralysed by Grinder for 5 turns
  2571 | D:4      | Killed Grinder
  2572 | D:4      | Gained mutation: Your magical nature lets you fly swiftly
                  | and evasively. [Tengu growth]
  2572 | D:4      | Reached XP level 5. HP: 8/28 MP: 1/12
  2572 | D:4      | Reached XP level 6. HP: 10/32 MP: 1/13
  2741 | D:4      | Noticed Eustachio
  2754 | D:4      | Killed Eustachio
  2755 | D:4      | Reached skill level 6 in Air Magic
  2755 | D:4      | Reached XP level 7. HP: 36/36 MP: 3/14
  2863 | D:4      | HP: 1/36 [bounced beam (7)]
  2863 | D:4      | Killed from afar by an orc wizard

Illustrated notes

Levels and vault maps discovered:
D:1:      lightli_iron_boxes, layout_loops_ring
D:2:      layout_rooms, basic_altar
D:3:      layout_rooms, serial_shops, shop, kennysheep_generic_room_10
D:4:      layout_basic, trog_butcher_becter, mainiacjoe_overflow_swirl,
          uniq_crazy_yiuf_cottage, uniq_grinder, uniq_natasha, uniq_sigmund,
          uniq_eustachio

Skill      XL: |  1  2  3  4  5  6 |
---------------+-------------------+-----
Conjurations   | 2 3 4 |  4.4
Air Magic      | 5 6 |  6.4
Dodging        | 3 |  3.4
Spellcasting   | 4 |  4.6
Stealth        | |  2.1

Action                   |  1- 3 |  4- 6 |  7- 9 || total
-------------------------+-------+-------+-------++-------
Melee: Dagger            |     5 |     7 |       ||    12
       Kick              |     1 |     1 |       ||     2
       Peck              |     1 |     1 |       ||     2
 Cast: Shock             |    65 |    73 |    16 ||   154
  Use: Scroll            |     5 |     1 |       ||     6
Armor: Robe              |     4 |     4 |     4 ||    12
Dodge: Dodged            |     6 |    10 |     5 ||    21

Table legend: (Time is in decaauts)
 A = Elapsed time spent in this place.
 B = Non-inter-level travel time spent in this place.
 C = Inter-level travel time spent in this place.
 D = Time resting spent in this place.
 E = Time spent auto-exploring this place.
 F = Levels seen in this place.
 G = Mean time per level.
                   A        B        C        D        E       F      G
               +--------+--------+--------+--------+--------+-----+--------+
         Total |   2855 |   2798 |     57 |     94 |   2346 |   4 |  713.8 |
       Dungeon |   2855 |   2798 |     57 |     94 |   2346 |   4 |  713.8 |
               +--------+--------+--------+--------+--------+-----+--------+

Top non-repeatable levels by time:
     D:1: 926 daAuts
     D:3: 822 daAuts
     D:2: 693 daAuts
     D:4: 411 daAuts
